AoeStats
← ColdFront

Arena

507955495Analyzed
4v4 RM · 13d ago on Sep 20, 2026· 68m 5s· 8 players
Game mode
Random Map
Map size
Large (8 player)
Population
200
Speed
Normal
Resources
Standard
Victory
Conquest
Starting age
Dark Age
Ending age
Imperial Age
RankedLock teamsTeams togetherTeam positionsShared explorationLock speedFull tech treeHidden civsTurbo modeCheats
Victory
Defeat
🇧🇬 Bulgarians · Bulgaria
1024
+12
🇮🇳 Franks · India
973
+14
🇬🇧 Koreans · United Kingdom
964
+15
🇯🇵 Berbers · Japan
959
+15
🇩🇪 Khitans · Germany
1013
-16
🇧🇪 Franks · Belgium
924
-14
🇳🇱 Burgundians · Netherlands
920
-13
🇺🇸 Byzantines · United States
907
-13
ColdFront
12:03 Feudal Age
11:18 Loom
16:17 Castle Age
19:52 Husbandry
28:24 Double-Bit Axe
28:44 Gold Mining
29:53 Wheelbarrow
30:39 Gold Shaft Mining
31:00 Hand Cart
32:22 Scale Barding Armor
32:17 Padded Archer Armor
32:30 Forging
32:10 Fletching
32:22 Scale Mail Armor
33:35 Chain Barding Armor
33:51 Iron Casting
36:10 Imperial Age
35:26 Bodkin Arrow
35:46 Chain Mail Armor
35:05 Pikeman
35:46 Squires
35:31 Gambesons
35:32 Arson
36:03 Bow Saw
36:12 Cavalier
36:28 Halberdier
37:46 Paladin
40:23 Plate Barding Armor
40:49 Blast Furnace
40:19 Plate Mail Armor
39:48 Murder Holes
40:13 Ballistics
40:54 Chemistry
41:00 Chemistry
40:37 Conscription
40:18 Chivalry
40:56 Hoardings
41:30 Fortified Wall
41:38 Light Cavalry
42:35 Masonry
42:51 Caravan
43:23 Coinage
47:51 Banking
Asurason
12:20 Feudal Age
16:27 Castle Age
15:19 Scale Barding Armor
15:50 Gold Mining
17:09 Bloodlines
17:14 Forging
27:42 Loom
30:13 Double-Bit Axe
31:17 Bow Saw
36:18 Imperial Age
35:37 Wheelbarrow
35:08 Husbandry
36:36 Chain Barding Armor
36:52 Iron Casting
36:14 Fletching
37:05 Gold Shaft Mining
37:27 Heavy Camel Rider
40:51 Plate Barding Armor
41:17 Blast Furnace
40:23 Caravan
41:50 Light Cavalry
45:01 Hussar
48:45 Bodkin Arrow
48:51 Padded Archer Armor
48:18 Elite Genitour
59:14 Leather Archer Armor
59:10 Bracer
66:56 Thumb Ring
Horahlooks
11:14 Feudal Age
15:17 Castle Age
13:28 Double-Bit Axe
13:36 Horse Collar
16:12 Bow Saw
16:04 Fletching
22:01 Town Watch
22:02 Loom
23:28 Scale Mail Armor
22:50 Pikeman
25:28 Wheelbarrow
25:46 Fortified Wall
25:54 Heavy Plow
31:13 Imperial Age
28:50 Crossbowman
30:07 Hand Cart
30:13 Gold Mining
32:18 Conscription
32:18 Thumb Ring
32:36 Ballistics
33:17 Chemistry
32:45 Halberdier
34:07 Masonry
35:16 Gold Shaft Mining
35:08 Squires
34:54 Gambesons
35:54 Chain Mail Armor
35:50 Forging
37:28 Two-Man Saw
36:21 Elite Fire Lancer
40:19 Plate Mail Armor
40:24 Iron Casting
41:36 Bodkin Arrow
43:10 Husbandry
47:56 Siege Engineers
48:22 Architecture
58:28 Elite War Wagon
65:51 Bracer
novko
1:40 Loom
10:29 Feudal Age
12:14 Double-Bit Axe
18:02 Castle Age
19:13 Gambesons
19:30 Squires
27:29 Wheelbarrow
30:11 Gold Mining
31:10 Bow Saw
31:55 Light Cavalry
32:46 Bloodlines
32:36 Husbandry
34:00 Stirrups
37:52 Imperial Age
40:06 Forging
39:56 Scale Mail Armor
40:04 Scale Barding Armor
41:22 Capped Ram
41:29 Pikeman
43:10 Hand Cart
42:41 Town Watch
43:57 Iron Casting
43:22 Scale Mail Armor
49:13 Halberdier
53:40 Chain Mail Armor
66:55 Hussar
MafiaTurkish58
12:33 Feudal Age
17:38 Castle Age
16:01 Gold Mining
15:59 Double-Bit Axe
22:57 Scale Barding Armor
30:33 Imperial Age
30:01 Bow Saw
29:55 Stone Mining
30:43 Gold Shaft Mining
31:41 Wheelbarrow
32:09 Cavalier
33:06 Pikeman
34:10 Chain Barding Armor
34:01 Forging
35:49 Paladin
42:13 Plate Barding Armor
42:14 Iron Casting
47:41 Blast Furnace
52:08 Elite Skirmisher
52:52 Padded Archer Armor
52:43 Fletching
56:52 Chemistry
56:12 Leather Archer Armor
59:04 Bodkin Arrow
64:37 Scale Mail Armor
Anipazronkin
0:30 Loom
15:38 Feudal Age
17:39 Wheelbarrow
16:58 Stone Mining
17:00 Double-Bit Axe
17:00 Horse Collar
19:46 Gold Mining
26:48 Castle Age
26:36 Fletching
28:22 Hand Cart
28:20 Bow Saw
28:12 Heavy Plow
28:50 Stone Shaft Mining
28:52 Gold Shaft Mining
32:58 Imperial Age
32:54 Bodkin Arrow
33:17 Scale Barding Armor
36:23 Bracer
36:34 Forging
36:44 Chain Barding Armor
37:24 Crop Rotation
38:01 Two-Man Saw
37:26 Scale Mail Armor
38:55 Iron Casting
37:56 Pikeman
38:36 Squires
40:04 Chain Mail Armor
39:13 Halberdier
42:14 Hoardings
42:49 Conscription
43:50 Plate Barding Armor
43:46 Plate Mail Armor
44:10 Logistica
44:20 Husbandry
44:29 Arson
44:06 Elite Cataphract
68:34 Guilds
kk-nachbar
10:36 Feudal Age
11:38 Domestication
11:47 Double-Bit Axe
19:36 Castle Age
20:00 Gold Mining
20:03 Stone Mining
20:27 Bow Saw
20:26 Fletching
20:27 Pikeman
20:55 Elite Skirmisher
24:15 Thumb Ring
29:48 Town Watch
30:44 Squires
30:43 Bodkin Arrow
31:00 Forging
33:43 Iron Casting
33:09 Padded Archer Armor
33:14 Murder Holes
34:20 Wheelbarrow
34:21 Ballistics
35:35 Town Patrol
36:32 Lamellar Armor
40:55 Hand Cart
40:46 Scale Mail Armor
44:48 Imperial Age
43:09 Chain Mail Armor
48:57 Plate Mail Armor
NewTrinity78
4:30 Loom
6:23 Double-Bit Axe
8:21 Horse Collar
12:17 Feudal Age
13:06 Heavy Plow
13:18 Bow Saw
18:41 Castle Age
17:17 Arson
16:53 Man-at-Arms
19:47 Cavalier
23:46 Scale Barding Armor
26:14 Two-Man Saw
31:31 Imperial Age
29:37 Wheelbarrow
30:41 Husbandry
31:47 Chain Barding Armor
31:38 Forging
31:29 Scale Mail Armor
30:58 Pikeman
31:39 Squires
31:50 Fletching
32:39 Paladin
34:01 Hand Cart
36:16 Fortified Wall
36:02 Murder Holes
37:12 Chemistry
36:24 Fortified Wall
37:59 Plate Barding Armor
38:00 Iron Casting
37:41 Chain Mail Armor
37:29 Long Swordsman
37:45 Light Cavalry
38:44 Hussar
39:32 Halberdier
41:27 Burgundian Vineyards
41:52 Two-Handed Swordsman
43:04 Conscription
44:24 Champion
47:22 Ballistics
46:58 Murder Holes
Connection lost

Rejoining the realm…

Still unreachable

The connection could not be restored.

Session expired

The server has moved on; the page needs a fresh start.